 Seeded DCSS version 0.31-a0-1074-g0b22e4e0f1 (webtiles) character file.

Game seed: 10668722645009258762 (custom seed)

101 mattiecakes the Covered (level 4, -3/26 HPs)
             Began as a Gargoyle Fighter on Dec 3, 2023.
             Was a Follower of Hepliaklqana.
             Killed by divine providence
             ... invoked by an orc priest
              (14 damage)
             ... on level 3 of the Dungeon.
             The game lasted 00:06:03 (2012 turns).

mattiecakes the Covered (Gargoyle Fighter)          Turns: 2012, Time: 00:06:04

Health: -3/26      AC: 11    Str: 22    XL:     4   Next: 75%
Magic:  4/4        EV:  9    Int:  8    God:    Hepliaklqana [*.....]
Gold:   136        SH:  4    Dex:  9    Spells: 3/3 levels left

rFire   . . .        a - +0 war axe
rCold   . . .        c - +0 buckler
rNeg    + . .        b - +0 scale mail
rPois   ∞            (no helmet)
rElec   +            (no cloak)
rCorr   .            k - +0 pair of gloves
SInv    .            (no boots)
Will    .....        (no amulet) Stlth
                     f - +4 ring of slaying
HPRegen 0.24/turn    (no ring)
MPRegen 0.09/turn

%: no passive effects
@: no status effects
A: reduced essence, sickness immunity, AC +3, negative energy resistance 1,
electricity resistance, torment resistance 1, petrification resistance
a: Renounce Religion, Recall Ancestor, Ancestor Identity


You were on level 3 of the Dungeon.
You worshipped Hepliaklqana.
Hepliaklqana was aware of your devotion.
You visited 1 branch of the dungeon, and saw 3 of its levels.

You collected 136 gold pieces.

Inventory:

Hand Weapons
 a - a +0 war axe (weapon)
Armour
 b - a +0 scale mail (worn)
 c - a +0 buckler (worn)
 k - a +0 pair of gloves (worn)
Jewellery
 f - a +4 ring of slaying (left hand)
Scrolls
 e - 6 scrolls of identify {unknown}
 h - a scroll of brand weapon {unknown}
 j - 2 scrolls of enchant armour {unknown}
 l - a scroll of poison {unknown}
 m - a scroll of enchant weapon {unknown}
 n - a scroll of fear {unknown}
Potions
 d - a potion of might
 g - 3 potions of curing
 i - 2 potions of heal wounds {unknown}


   Skills:
 + Level 4.1 Fighting
 + Level 2.6 Axes
 + Level 4.1 Armour
 + Level 4.0 Shields


You had 3 spell levels left.
You didn't know any spells.
Your spell library contained the following spells:

 Spells                   Type           Power      Damage    Failure   Level
 Wereblood                Tmut           0%         N/A       90%         2
 Animate Dead             Necr           0%         N/A       100%        4
 Fireball                 Conj/Fire      0%         3d3       100%        5
 Irradiate                Conj/Tmut      0%         3d11      100%        5
 Cigotuvi's Dreadful Rot  Necr/Pois/Air  Unusable   N/A       N/A         2

Dungeon Overview and Level Annotations

Branches:
Dungeon (3/15)

Altars:
Hepliaklqana

Shops:
D:2 ?*[[[


Innate Abilities, Weirdness & Mutations

Your life essence is reduced to manifest your ancestor. (-10% HP)
You are immune to sickness and miasma.
Your stone body is resilient. (AC +3)
You are immune to poison.
You resist negative energy. (rN+)
You are resistant to electric shocks. (rElec)
You are resistant to unholy torment.
You are immune to petrification.


Message History

There are monsters nearby!
There are monsters nearby!
An orc comes into view. It is wielding a +0 short sword.
The orc shouts!
The orc wizard shouts!
A kobold comes into view. It is wielding a +0 short sword.
Found a scroll labelled PIOSTI ESIUVAE.
The kobold shouts!
The orc priest mumbles some strange prayers to Beogh against you.
Beogh smites you!
The orc priest miscasts a cantrip.
You block the orc priest's attack. The orc hits you but does no damage.
You hit the orc priest.
The orc priest is moderately wounded.
You barely miss the orc wizard. You hit the orc.
The orc wizard hits you but does no damage.
Ankherfenedjef hits the orc wizard.
The orc priest hits you but does no damage.
The orc hits you but does no damage.
The orc priest mumbles some strange prayers to Beogh against you.
Pain shoots through your body! The orc hits you but does no damage.
The orc wizard casts a spell at you. The magic dart hits you.
* * * LOW HITPOINT WARNING * * *
Ankherfenedjef closely misses the orc wizard.
You are too injured to fight recklessly!
It was a potion of curing.
You feel better. The kobold barely misses you.
The orc wizard closely misses you.
Ankherfenedjef hits the orc wizard.
The orc priest barely misses you. The orc barely misses you.
You barely miss the orc priest.
The orc priest is moderately wounded.
You slash the orc!
You kill the orc!
You closely miss the kobold. You completely miss the orc wizard.
The kobold hits you but does no damage.
Ankherfenedjef hits the orc wizard.
The orc wizard casts a spell at you. The puff of flame hits you.
The orc priest calls down the wrath of Beogh upon you.
Beogh smites you!
Ouch! That really hurt!
You die...

#.................
#.##.#######......
#.##.# #......
#.##.# #......
#.##.# #......
#.##.#### #......
####.##....#
#......
####...R.......
#......
.......@o......
##......
####..Ko)......
........
#...........
##......
#...........
#......
#...........
#......
#........?..
#####..
#........... #..
#........... #..
#..


You could see the friendly Ankherfenedjef the ancestor, an orc priest (ally
target), an orc wizard and a kobold.

Vanquished Creatures
  A gnoll (D:1)
  2 adders
  3 worms (D:2)
  4 dart slugs
  An orc (D:3)
  6 endoplasms
  2 giant cockroaches
  4 goblins
  5 hobgoblins
  5 kobolds
  3 quokkas
  5 ball pythons
  6 bats
  3 frilled lizards
  8 rats
58 creatures vanquished.

Vanquished Creatures (collateral kills)
  A rat (D:3)
1 creature vanquished.

Grand Total: 59 creatures vanquished

Notes
Turn   | Place    | Note
-------+----------+-------------------------------------------
     0 | D:1      | mattiecakes the Gargoyle Fighter began the quest for the
                  | Orb.
     0 | D:1      | Reached XP level 1. HP: 14/14 MP: 1/1
    46 | D:1      | Reached XP level 2. HP: 17/19 MP: 2/2
   297 | D:1      | Reached XP level 3. HP: 23/23 MP: 3/3
   820 | D:2      | Found Cul Qoor's Assorted Antiques.
   957 | D:2      | Got the Meditations on the Mortuary and Calefaction
   987 | D:2      | Found Veavoluo's Armour Boutique.
   992 | D:2      | Reached XP level 4. HP: 29/29 MP: 4/4
  1071 | D:2      | Found Sutya's Magic Scroll Shop.
  1091 | D:2      | Found Xeggathri's Armour Shop.
  1212 | D:2      | Found Isigemew's Armour Shoppe.
  1212 | D:2      | Noticed an animated gold dragon scales
  1213 | D:2      | Noticed an animated crystal plate armour
  1525 | D:2      | Found a faded altar of an unknown god.
  1673 | D:2      | Prayed at the altar of an unknown god.
  1673 | D:2      | Became a worshipper of Hepliaklqana the Forgotten
  1673 | D:2      | Reached * piety under Hepliaklqana
  2012 | D:3      | Killed from afar by an orc priest

Illustrated notes

Levels and vault maps discovered:
D:1:      shiori_arrival_maze, layout_basic
D:2:      layout_loops_corners, dreamdust_ecumenical_altar_hidden_monk_grotto,
          serial_shops, nicolae_shop_just_a_little_nook,
          nicolae_shop_tiny_statue_garden, nicolae_shop_mannequins,
          nicolae_shop_real_fake_doors, nicolae_shop_rolling_square,
          serial_glass, glass_columns_b, glass_columns_b, feat_on_display,
          feat_on_display, item_on_display_a, feat_on_display
D:3:      layout_basic, chequers_serial_rivers_micro_a

Skill      XL: |  1  2  3  4 |
---------------+-------------+-----
Axes           | 2 |  2.6
Armour         | 4 |  4.1
Shields        | 4 |  4.0
Fighting       | 4 |  4.1

Action                     |  1- 3 |  4- 6 || total
---------------------------+-------+-------++-------
  Melee: War axe           |    91 |    51 ||   142
    Use: Potion            |       |     1 ||     1
 Armour: Scale mail        |    60 |    38 ||    98
  Dodge: Dodged            |    53 |    26 ||    79
  Block: Buckler           |    19 |     8 ||    27

Table legend: (Time is in decaauts)
 A = Elapsed time spent in this place.
 B = Non-inter-level travel time spent in this place.
 C = Inter-level travel time spent in this place.
 D = Time resting spent in this place.
 E = Time spent auto-exploring this place.
 F = Levels seen in this place.
 G = Mean time per level.
                   A        B        C        D        E       F      G
               +--------+--------+--------+--------+--------+-----+--------+
         Total |   2070 |   2019 |     51 |     46 |   1587 |   3 |  690.0 |
       Dungeon |   2070 |   2019 |     51 |     46 |   1587 |   3 |  690.0 |
               +--------+--------+--------+--------+--------+-----+--------+

Top non-repeatable levels by time:
     D:2: 1082 daAuts
     D:1: 668 daAuts
     D:3: 319 daAuts
